3AAA
MONONGAHELA MONSTERS @ ATHLETIC CLUB KC RESERVES
06/09/2042
 
TOP OF THE 1ST
Monongahela Monsters batting - Pitching for Athletic Club KC Reserves : LHP Ian Airy
Pitching: LHP Ian Airy
Batting: RHB Colt Allen 0-0: Called Strike
0-1: Called Strike
0-2: Foul Ball, location: 2F
0-2: Ball
1-2: SINGLE (Flyball, 9S, EV 88.8 MPH)
Batting: RHB Li-ren Ku 0-0: Ball
1-0: Called Strike
1-1: SINGLE (Flyball, 9S, EV 90.6 MPH)
Colt Allen to second
Runner from 2nd tries for 3rd, SAFE, throw by RF made to third
Batting: RHB Rob Brooks 0-0: Called Strike
Li-ren Ku is caught stealing 2nd base 2-4
0-1: Ball
1-1: Ground out 1-3 (Groundball, P, EV 68.8 MPH)
Batting: RHB Loring Rommel 0-0: Fly out, F7 (Flyball, 78D, EV 90.0 MPH)
Top of the 1st over - 0 runs, 2 hits, 0 errors, 1 left on base; Monongahela 0 - Athletic Club KC 0
BOTTOM OF THE 1ST
Athletic Club KC Reserves batting - Pitching for Monongahela Monsters : RHP Héctor Barrera
Pitching: RHP Héctor Barrera
Batting: RHB Kalikiano Keiki 0-0: Called Strike
0-1: SINGLE (Groundball, 4MD, EV 101.9 MPH)
Batting: RHB Mei Kim 0-0: Foul Ball, location: 2F
0-1: Ball
1-1: Ball
Passed Ball!
Kalikiano Keiki to second
2-1: Foul Ball, location: 2F
2-2: Foul Ball, location: 2F
2-2: Foul Ball, location: 2F
2-2: Ball
3-2: Foul Ball, location: 2F
3-2: Ground out 6-3 (Groundball, 6, EV 86.9 MPH)
Batting: RHB Dick Barnett 0-0: Called Strike
0-1: Called Strike
0-2: Strikes out swinging
Batting: LHB Oriol Fernández 0-0: Ball
1-0: DOUBLE (Groundball, 3L, EV 106.9 MPH)
Kalikiano Keiki scores
Batting: LHB Miguel Fernández 0-0: Called Strike
0-1: Ball
1-1: Ball
2-1: Ball
3-1: Foul Ball, location: 2F
3-2: Foul Ball, location: 2F
3-2: Foul Ball, location: 2F
3-2: Strikes out looking
Bottom of the 1st over - 1 run, 2 hits, 0 errors, 1 left on base; Monongahela 0 - Athletic Club KC 1
TOP OF THE 2ND
Monongahela Monsters batting - Pitching for Athletic Club KC Reserves : LHP Ian Airy
Batting: RHB Roger Snodgrass 0-0: Called Strike
0-1: Fly out, F8 (Flyball, 89M, EV 86.2 MPH)
Batting: RHB Richello Oliva 0-0: Ball
1-0: Called Strike
1-1: Foul Ball, location: 2F
1-2: Ball
2-2: Fly out, F7 (Flyball, 7S, EV 90.0 MPH)
Batting: RHB Román García 0-0: Called Strike
0-1: Ground out 5-3 (Groundball, 5S, EV 81.2 MPH)
Top of the 2nd over - 0 runs, 0 hits, 0 errors, 0 left on base; Monongahela 0 - Athletic Club KC 1
BOTTOM OF THE 2ND
Athletic Club KC Reserves batting - Pitching for Monongahela Monsters : RHP Héctor Barrera
Batting: LHB Thomas Nealy 0-0: Swinging Strike
0-1: Foul Ball, location: 2F
0-2: Ball
1-2: Foul Ball, location: 2F
1-2: Strikes out swinging
Batting: SHB Gary Hopkins 0-0: Ball
1-0: Foul Ball, location: 2F
1-1: Foul Ball, location: 2F
1-2: Foul Ball, location: 2F
1-2: Ball
2-2: Fly out, F8 (Flyball, 8RM, EV 82.5 MPH)
Batting: LHB Ted Reed 0-0: Foul Ball, location: 2F
0-1: Ball
1-1: Ball
2-1: Ground out 4-3 (Groundball, 4, EV 105.6 MPH)
Bottom of the 2nd over - 0 runs, 0 hits, 0 errors, 0 left on base; Monongahela 0 - Athletic Club KC 1
TOP OF THE 3RD
Monongahela Monsters batting - Pitching for Athletic Club KC Reserves : LHP Ian Airy
Batting: SHB Ron Carlisle 0-0: Ball
1-0: Called Strike
1-1: Foul Ball, location: 2F
1-2: Foul Ball, location: 2F
1-2: Fly out, F5 (Line Drive, 5, EV 62.5 MPH)
Batting: RHB Koi-sho Xú 0-0: Ball
1-0: Foul Ball, location: 2F
1-1: Ball
2-1: Ball
3-1: Foul Ball, location: 2F
3-2: Fly out, F7 (Flyball, 7S, EV 87.5 MPH)
Batting: RHB Colt Allen 0-0: Called Strike
0-1: Ball
1-1: Swinging Strike
1-2: Fly out, F8 (Flyball, 8RXD, EV 85.6 MPH)
Top of the 3rd over - 0 runs, 0 hits, 0 errors, 0 left on base; Monongahela 0 - Athletic Club KC 1
BOTTOM OF THE 3RD
Athletic Club KC Reserves batting - Pitching for Monongahela Monsters : RHP Héctor Barrera
Batting: RHB Wade Tazewell 0-0: Hit by Pitch
Batting: RHB Kalikiano Keiki 0-0: Ball
1-0: Foul Ball, location: 2F
1-1: Fly out, F8 (Line Drive, 8LM, EV 99.4 MPH)
Batting: RHB Mei Kim 0-0: Ball
1-0: Ball
2-0: Called Strike
2-1: Foul Ball, location: 2F
2-2: Strikes out swinging
Batting: RHB Dick Barnett 0-0: Called Strike
0-1: Ball
1-1: Ball
2-1: Ball
3-1: Fielders Choice at 2nd, 5-4 (Groundball, 5, EV 82.5 MPH)
Bottom of the 3rd over - 0 runs, 0 hits, 0 errors, 1 left on base; Monongahela 0 - Athletic Club KC 1
TOP OF THE 4TH
Monongahela Monsters batting - Pitching for Athletic Club KC Reserves : LHP Ian Airy
Batting: RHB Li-ren Ku 0-0: Ball
1-0: SINGLE (Groundball, 34D, EV 95.0 MPH)
Batting: RHB Rob Brooks 0-0: Ball
1-0: Fielders Choice at 2nd, 6-4 (Groundball, 56D, EV 86.2 MPH)
Batting: RHB Loring Rommel 0-0: Swinging Strike
0-1: Swinging Strike
0-2: Foul Ball, location: 2F
0-2: 2-RUN HOME RUN (Flyball, 7LD, EV 93.1 MPH), Distance : 339 ft
Batting: RHB Roger Snodgrass 0-0: Called Strike
0-1: Swinging Strike
0-2: Ball
1-2: Ground out 5-3 (Groundball, 56, EV 78.8 MPH)
Batting: RHB Richello Oliva 0-0: Called Strike
0-1: Swinging Strike
0-2: Ball
1-2: Ball
2-2: Fly out, F8 (Flyball, 8RM, EV 79.4 MPH)
Top of the 4th over - 2 runs, 2 hits, 0 errors, 0 left on base; Monongahela 2 - Athletic Club KC 1
BOTTOM OF THE 4TH
Athletic Club KC Reserves batting - Pitching for Monongahela Monsters : RHP Héctor Barrera
Batting: LHB Oriol Fernández 0-0: Called Strike
0-1: Ball
1-1: SOLO HOME RUN (Flyball, 9D, EV 101.2 MPH), Distance : 347 ft
Batting: LHB Miguel Fernández 0-0: Ball
1-0: Called Strike
1-1: Ball
2-1: Called Strike
2-2: Ball
3-2: Base on Balls
Batting: LHB Thomas Nealy 0-0: Swinging Strike
0-1: Foul Ball, location: 2F
0-2: Ball
1-2: Ball
2-2: Ball
3-2: Grounds into double play, 4-6-3 (Groundball, 34, EV 84.4 MPH)
Batting: SHB Gary Hopkins 0-0: Swinging Strike
0-1: Foul Ball, location: 2F
0-2: Ball
1-2: Foul Ball, location: 2F
1-2: Fly out, F9 (Flyball, 9D, EV 93.1 MPH)
Bottom of the 4th over - 1 run, 1 hit, 0 errors, 0 left on base; Monongahela 2 - Athletic Club KC 2
TOP OF THE 5TH
Monongahela Monsters batting - Pitching for Athletic Club KC Reserves : LHP Ian Airy
Batting: RHB Román García 0-0: Ball
1-0: Ground out 4-3 (Groundball, 4, EV 110.6 MPH)
Batting: SHB Ron Carlisle 0-0: Called Strike
0-1: Ball
1-1: Foul Ball, location: 2F
1-2: Fly out, F7 (Line Drive, 7, EV 93.1 MPH)
Batting: RHB Koi-sho Xú 0-0: Called Strike
0-1: Swinging Strike
0-2: Ball
1-2: Foul Ball, location: 2F
1-2: Ball
2-2: Foul Ball, location: 2F
2-2: Ball
3-2: Strikes out looking
Top of the 5th over - 0 runs, 0 hits, 0 errors, 0 left on base; Monongahela 2 - Athletic Club KC 2
BOTTOM OF THE 5TH
Athletic Club KC Reserves batting - Pitching for Monongahela Monsters : RHP Héctor Barrera
Batting: LHB Ted Reed 0-0: Called Strike
0-1: Ball
1-1: Called Strike
1-2: Ball
2-2: Foul Ball, location: 2F
2-2: Ball
3-2: Foul Ball, location: 2F
3-2: Base on Balls
Batting: RHB Wade Tazewell 0-0: Ball
1-0: Fly out, F3 (Popup, 34S, EV 72.5 MPH)
Batting: RHB Kalikiano Keiki 0-0: Ball
1-0: Ball
2-0: SINGLE (Line Drive, 7S, EV 95.0 MPH)
Ted Reed to second
Batting: RHB Mei Kim 0-0: Ball
1-0: Foul Ball, location: 2F
1-1: Ball
2-1: Fly out, F8 (Flyball, 8LS, EV 98.1 MPH)
Batting: RHB Dick Barnett 0-0: Ball
1-0: Called Strike
1-1: Foul Ball, location: 2F
1-2: Ball
2-2: Ball
3-2: Strikes out swinging
Bottom of the 5th over - 0 runs, 1 hit, 0 errors, 2 left on base; Monongahela 2 - Athletic Club KC 2
TOP OF THE 6TH
Monongahela Monsters batting - Pitching for Athletic Club KC Reserves : LHP Ian Airy
Batting: RHB Colt Allen 0-0: Foul Ball, location: 2F
0-1: Fly out, F8 (Flyball, 8RM, EV 86.9 MPH)
Batting: RHB Li-ren Ku 0-0: Foul Ball, location: 2F
0-1: SINGLE (Line Drive, 9S, EV 106.9 MPH)
Batting: RHB Rob Brooks 0-0: Ball
1-0: Called Strike
1-1: Called Strike
1-2: Strikes out looking
Batting: RHB Loring Rommel 0-0: Called Strike
0-1: Foul Ball, location: 2F
0-2: Foul Ball, location: 2F
0-2: Ball
1-2: Ball
2-2: Fly out, F7 (Line Drive, 7S, EV 92.5 MPH)
Top of the 6th over - 0 runs, 1 hit, 0 errors, 1 left on base; Monongahela 2 - Athletic Club KC 2
BOTTOM OF THE 6TH
Athletic Club KC Reserves batting - Pitching for Monongahela Monsters : RHP Héctor Barrera
Pitching: RHP Joel Baxter
Batting: LHB Oriol Fernández 0-0: Fly out, F8 (Flyball, 8RM, EV 92.5 MPH)
Batting: LHB Miguel Fernández 0-0: Ball
1-0: Foul Ball, location: 2F
1-1: Foul Ball, location: 2F
1-2: Ball
2-2: Ground out U3 (Groundball, 34, EV 108.8 MPH)
Batting: LHB Thomas Nealy 0-0: Ground out 5-3 (Groundball, 56S, EV 79.4 MPH)
Bottom of the 6th over - 0 runs, 0 hits, 0 errors, 0 left on base; Monongahela 2 - Athletic Club KC 2
TOP OF THE 7TH
Monongahela Monsters batting - Pitching for Athletic Club KC Reserves : LHP Ian Airy
Batting: RHB Roger Snodgrass 0-0: Ball
1-0: Foul Ball, location: 2F
1-1: Foul Ball, location: 2F
1-2: Strikes out swinging
Batting: RHB Richello Oliva 0-0: Fly out, F9 (Flyball, 9LMF, EV 97.5 MPH)
Batting: RHB Román García 0-0: Called Strike
0-1: Ball
1-1: Ball
2-1: Ball
3-1: Swinging Strike
3-2: Fly out, F9 (Line Drive, 9D, EV 85.0 MPH)
Top of the 7th over - 0 runs, 0 hits, 0 errors, 0 left on base; Monongahela 2 - Athletic Club KC 2
BOTTOM OF THE 7TH
Athletic Club KC Reserves batting - Pitching for Monongahela Monsters : RHP Joel Baxter
Batting: SHB Gary Hopkins 0-0: Called Strike
0-1: Foul Ball, location: 2F
0-2: Strikes out swinging
Batting: LHB Ted Reed 0-0: Ball
1-0: Ball
2-0: Foul Ball, location: 2F
2-1: Fly out, F5 (Popup, 5SF, EV 73.1 MPH)
Batting: RHB Wade Tazewell 0-0: Swinging Strike
0-1: Ball
1-1: Swinging Strike
1-2: Strikes out swinging
Bottom of the 7th over - 0 runs, 0 hits, 0 errors, 0 left on base; Monongahela 2 - Athletic Club KC 2
TOP OF THE 8TH
Monongahela Monsters batting - Pitching for Athletic Club KC Reserves : LHP Ian Airy
Pitching: RHP Ozamataz Buckshank
Batting: SHB Ron Carlisle 0-0: Ball
1-0: Swinging Strike
1-1: Ball
2-1: Foul Ball, location: 2F
2-2: Strikes out swinging
Batting: RHB Koi-sho Xú 0-0: Ball
1-0: Swinging Strike
1-1: Ball
2-1: Foul Ball, location: 2F
2-2: Ball
3-2: Base on Balls
Batting: RHB Colt Allen 0-0: Ball
1-0: Sac Bunt to 15 - play at first, batter OUT! 1-4
Koi-sho Xú to second
Batting: RHB Li-ren Ku 0-0: Swinging Strike
0-1: Ball
1-1: Ball
2-1: Fly out, F8 (Flyball, 89D, EV 102.5 MPH)
Top of the 8th over - 0 runs, 0 hits, 0 errors, 1 left on base; Monongahela 2 - Athletic Club KC 2
BOTTOM OF THE 8TH
Athletic Club KC Reserves batting - Pitching for Monongahela Monsters : RHP Joel Baxter
Batting: RHB Kalikiano Keiki 0-0: Ball
1-0: Called Strike
1-1: Ball
2-1: Foul Ball, location: 2F
2-2: Fly out, F7 (Flyball, 7S, EV 82.5 MPH)
Batting: RHB Mei Kim 0-0: Ball
1-0: Called Strike
1-1: Ball
2-1: Foul Ball, location: 2F
2-2: Fly out, F8 (Flyball, 89D, EV 100.6 MPH)
Batting: RHB Dick Barnett 0-0: Swinging Strike
0-1: Ball
1-1: Swinging Strike
1-2: Ball
2-2: Ball
3-2: Strikes out swinging
Bottom of the 8th over - 0 runs, 0 hits, 0 errors, 0 left on base; Monongahela 2 - Athletic Club KC 2
TOP OF THE 9TH
Monongahela Monsters batting - Pitching for Athletic Club KC Reserves : RHP Ozamataz Buckshank
Batting: RHB Rob Brooks 0-0: Called Strike
0-1: Ball
1-1: Ball
2-1: Fly out, F3 (Popup, 3SF, EV 80.6 MPH)
Batting: RHB Loring Rommel 0-0: Ball
1-0: Foul Ball, location: 2F
1-1: Ground out 5-3 (Groundball, 56, EV 85.6 MPH)
Batting: RHB Roger Snodgrass 0-0: Called Strike
0-1: Swinging Strike
0-2: Fly out, F8 (Flyball, 8RD, EV 95.6 MPH)
Top of the 9th over - 0 runs, 0 hits, 0 errors, 0 left on base; Monongahela 2 - Athletic Club KC 2
BOTTOM OF THE 9TH
Athletic Club KC Reserves batting - Pitching for Monongahela Monsters : RHP Joel Baxter
Batting: LHB Oriol Fernández 0-0: Ball
1-0: Called Strike
1-1: Ball
2-1: Swinging Strike
2-2: Foul Ball, location: 2F
2-2: Foul Ball, location: 2F
2-2: Strikes out swinging
Batting: LHB Miguel Fernández 0-0: Ball
1-0: Foul Ball, location: 2F
1-1: SINGLE (Groundball, 6, EV 86.9 MPH) (infield hit)
Pitching: RHP Al Verkler
Batting: LHB Thomas Nealy 0-0: Ball
1-0: Ball
2-0: Ball
3-0: Base on Balls
Miguel Fernández to second
Batting: SHB Gary Hopkins 0-0: Ball
1-0: Foul Ball, location: 2F
1-1: Ball
2-1: Fly out, F5 (Popup, 25F, EV 88.1 MPH)
Batting: LHB Ted Reed 0-0: Ball
1-0: Ball
2-0: Ball
3-0: Base on Balls
Miguel Fernández to third
Thomas Nealy to second
Pinch Hitting: RHB Gerold Olthof 0-0: Foul Ball, location: 2F
0-1: Called Strike
0-2: Ball
1-2: Ball
2-2: Strikes out swinging
Bottom of the 9th over - 0 runs, 1 hit, 0 errors, 3 left on base; Monongahela 2 - Athletic Club KC 2
TOP OF THE 10TH
Monongahela Monsters batting - Pitching for Athletic Club KC Reserves : RHP Ozamataz Buckshank
Pitching: RHP David Maxwell
Now at C: Michael Evershed
Batting: RHB Richello Oliva 0-0: Fly out, F8 (Flyball, 8RM, EV 75.6 MPH)
Batting: RHB Román García 0-0: Called Strike
0-1: SINGLE (Line Drive, 8LS, EV 111.9 MPH)
Batting: SHB Ron Carlisle 0-0: Ground out 4-3 (Groundball, 34, EV 78.1 MPH)
Román García to second
Batting: RHB Koi-sho Xú 0-0: Called Strike
0-1: Ball
1-1: Foul Ball, location: 2F
1-2: Ball
2-2: Foul Ball, location: 2F
2-2: DOUBLE (Flyball, 8LXD, EV 94.4 MPH)
Román García scores
Batting: RHB Colt Allen 0-0: Called Strike
0-1: Called Strike
0-2: Ball
1-2: Strikes out swinging
Top of the 10th over - 1 run, 2 hits, 0 errors, 1 left on base; Monongahela 3 - Athletic Club KC 2
BOTTOM OF THE 10TH
Athletic Club KC Reserves batting - Pitching for Monongahela Monsters : RHP Al Verkler
Batting: RHB Kalikiano Keiki 0-0: Called Strike
0-1: Ball
1-1: Swinging Strike
1-2: Foul Ball, location: 2F
1-2: Foul Ball, location: 2F
1-2: Strikes out swinging
Batting: RHB Mei Kim 0-0: Called Strike
0-1: Foul Ball, location: 2F
0-2: Ground out 6-3 (Groundball, 56, EV 89.4 MPH)
Pinch Hitting: RHB Terry Kurucz 0-0: Ball
1-0: Foul Ball, location: 2F
1-1: Foul Ball, location: 2F
1-2: Ball
2-2: Fly out, F9 (Flyball, 89S, EV 80.6 MPH)
Bottom of the 10th over - 0 runs, 0 hits, 0 errors, 0 left on base; Monongahela 3 - Athletic Club KC 2
Friday, March 26th, 2021 - OOTP Baseball 20.8 Build 74